 Dungeon Crawl Stone Soup version 0.24-a0-57-gac335f2 (webtiles) character file.

Game seed: 11294565927263078948

75 galech the Skirmisher (level 4, -1/37 HPs)
             Began as a Demonspawn Fighter on Feb 4, 2019.
             Slain by a gnoll
             ... wielding a +0 spear
              (3 damage)
             ... on level 2 of the Dungeon.
             The game lasted 00:01:24 (1206 turns).

galech the Skirmisher (Demonspawn Fighter)          Turns: 1206, Time: 00:01:24

Health: -1/37      AC:  7    Str: 17    XL:     4   Next: 11%
Magic:  4/4        EV:  7    Int:  9    God:
Gold:   60         SH:  9    Dex: 15    Spells: 3/3 levels left

rFire    . . .     SeeInvis .   a - +0 war axe
rCold    . . .     Gourm    .   c - +0 shield
rNeg     . . .     Faith    .   b - +0 scale mail
rPois    .         Spirit   .   (no helmet)
rElec    .         Reflect  .   (no cloak)
rCorr    .         Harm     .   m - +0 pair of gloves (curse)
MR       .....                  (no boots)
Stlth    ..........             (no amulet)
HPRegen  0.12/turn              h - ring of flight
MPRegen  0.09/turn              (no ring)

@: no status effects
A: hooves 1, thin skeletal structure 1
a: Evoke Flight


You were on level 2 of the Dungeon.
You were not hungry.

You visited 1 branch of the dungeon, and saw 2 of its levels.

You collected 60 gold pieces.

Inventory:

Hand Weapons
 a - a +0 war axe (weapon)
Armour
 b - a +0 scale mail (worn)
 c - a +0 shield (worn)
 m - a cursed +0 pair of gloves (worn)
Jewellery
 h - a ring of flight (left hand)
Scrolls
 g - a scroll of fear {unknown}
 i - 2 scrolls of identify {unknown}
 l - a scroll of teleportation {unknown}
 o - a scroll of magic mapping {unknown}
 p - 2 scrolls of remove curse {unknown}
Potions
 d - a potion of might
 e - 2 potions of invisibility {unknown}
 k - a potion of curing {unknown}
 n - a potion of berserk rage {unknown}
 q - a potion of haste {unknown}
Comestibles
 f - a ration


   Skills:
 + Level 3.7 Fighting
 + Level 2.7 Axes
 + Level 2.9 Armour
 + Level 0.1 Dodging
 + Level 3.2 Shields


You had 3 spell levels left.
You didn't know any spells.
Your spell library was empty.

Dungeon Overview and Level Annotations

Branches:
Dungeon (2/15)

Altars:


Innate Abilities, Weirdness & Mutations

You have large cloven feet.
You have a somewhat thin skeletal structure. (Dex +2, Stealth)


Message History

There is a stone staircase leading down here.
You start resting.
Eating one of 2 chunks of flesh.
You eat one of the 2 chunks of flesh.
This raw flesh tastes terrible.
All of the chunks of flesh in your inventory have rotted away.
HP restored.
You climb downwards.
The gnoll hits you but does no damage. The gnoll hits you with a +0 halberd!
There is a stone staircase leading up here.
You closely miss the gnoll. You block the gnoll's attack.
The gnoll hits you from afar with a +0 spear.
The gnoll hits you with a +0 halberd.
You closely miss the gnoll. Your kick misses the gnoll.
The gnoll barely misses you. You block the gnoll's attack.
You barely miss the gnoll. Your kick misses the gnoll.
The gnoll hits you from afar with a +0 spear!
The gnoll hits you with a +0 halberd!
* * * LOW HITPOINT WARNING * * *
The gnoll hits you from afar with a +0 spear.
You die...

### #.... .# ..##...# . ......#
.## ##..(.## ... #......#####.#
#.#. #####.#..[......## ...
#........###.....###..
#)##.##....g.###......## #
#.##.###...#g@.........##.#
.g##.# #(..#............#.####
..?.#.###.....########.........
...#...........##### #.#.#.#
#.## ##.##....#.....####.#.#.#
#. ........#####...##.....# .
.............##........####
#..........#####.........
##.........รท# #.........


You could see 2 gnolls.

Vanquished Creatures
  2 adders (D:2)
  2 gnolls
  A worm (D:2)
  2 dart slugs (D:1)
  A leopard gecko (D:2)
  2 giant cockroaches
  3 goblins (D:1)
  3 hobgoblins (D:1)
  6 kobolds
  A ball python (D:1)
  4 bats (D:1)
  A frilled lizard (D:1)
  4 rats (D:1)
32 creatures vanquished.

Notes
Turn   | Place    | Note
-------+----------+-------------------------------------------
     0 | D:1      | galech the Demonspawn Fighter began the quest for the Orb.
     0 | D:1      | Reached XP level 1. HP: 18/18 MP: 1/1
    58 | D:1      | Gained mutation: You have a somewhat thin skeletal
                  | structure. (Dex +2, Stealth) [demonic ancestry]
    58 | D:1      | Reached XP level 2. HP: 18/24 MP: 2/2
   318 | D:1      | Gained mutation: You have large cloven feet. [demonic
                  | ancestry]
   318 | D:1      | Reached XP level 3. HP: 10/29 MP: 3/3
   925 | D:2      | Reached XP level 4. HP: 37/37 MP: 4/4
  1206 | D:2      | Slain by a gnoll

Vault maps used:
D:1:      dpeg_arrival_more_subterranean_lakeside_camping, minmay_tetromino_i2

Skill      XL: |  1  2 |
---------------+-------+-----
Shields        | 3 |  3.2
Axes           | 2 |  2.7
Fighting       | |  3.7
Armour         | |  2.9
Dodging        | |  0.1

Action                   |  1- 3 |  4- 6 || total
-------------------------+-------+-------++-------
Melee: War axe           |    74 |     7 ||    81
       Kick              |    17 |     3 ||    20
  Eat: Chunk             |       |     1 ||     1
Armor: Scale mail        |    41 |     3 ||    44
Dodge: Dodged            |    27 |     3 ||    30
Block: Shield            |    45 |     6 ||    51

Table legend:
 A = Non-vault XP
 B = Vault XP
 C = Vault XP percentage of total XP
 D = Non-vault monster count
 E = Vault monster count
 F = Vault count percentage of total count
                 A         B        C        D         E       F
            +---------+---------+-------+---------+---------+-------
      Total |     105 |       3 |   2.8 |      30 |       2 |   6.2
            +---------+---------+-------+---------+---------+-------
        D:1 |      52 |       3 |   5.5 |      23 |       2 |   8.0
        D:2 |      53 |       0 |   0.0 |       7 |       0 |   0.0
            +---------+---------+-------+---------+---------+-------
